 Dungeon Crawl Stone Soup version 0.29.1-12-g30fa7ad0bf (webtiles) character file.

Game seed: 12328411565754287207

221 wormed the Trooper (level 5, -5/42 HPs)
             Began as a Demonspawn Fighter on Dec 22, 2022.
             Slain by an orc priest
             ... wielding a +0 trident
              (8 damage)
             ... on level 4 of the Dungeon.
             The game lasted 00:04:27 (2898 turns).

wormed the Trooper (Demonspawn Fighter)             Turns: 2898, Time: 00:04:27

Health: -5/42      AC: 16    Str: 18    XL:     5   Next: 65%
Magic:  5/5        EV:  6    Int: 16    God:
Gold:   207        SH:  8    Dex: 12    Spells: 4/4 levels left

rFire   . . .      SeeInvis .   a - +0 flail
rCold   . . .      Faith    .   c - +0 buckler
rNeg    . . .      Spirit   .   d - +0 chain mail
rPois   .          Reflect  .   i - +0 helmet
rElec   .          Harm     .   (no cloak)
rCorr   .          Rampage  .   (no gloves)
Will    .....                   (no boots)
Stlth   ..........              (no amulet)
HPRegen 0.14/turn               t - +6 ring of intelligence
MPRegen 0.09/turn               (no ring)

@: no status effects
A: slimy green scales 1, demonic guardian 1, icemail 1, condensation shield
a: no special abilities


You were on level 4 of the Dungeon.
You visited 1 branch of the dungeon, and saw 4 of its levels.

You collected 207 gold pieces.

Inventory:

Hand Weapons
 a - a +0 flail (weapon)
Armour
 c - a +0 buckler (worn)
 d - a +0 chain mail (worn)
 i - a +0 helmet (worn)
Jewellery
 o - a ring of fire
 t - a +6 ring of intelligence (left hand)
Scrolls
 h - a scroll of magic mapping {unknown}
 j - 2 scrolls of teleportation {unknown}
 k - a scroll of amnesia {unknown}
 m - a scroll of acquirement {unknown}
 p - 2 scrolls of immolation {unknown}
 u - a scroll of fear {unknown}
 v - 2 scrolls of enchant weapon {unknown}
Potions
 b - a potion of heal wounds {unknown}
 e - a potion of berserk rage
 f - 2 potions of resistance
 g - 2 potions of lignification
 n - 3 potions of flight
 r - 2 potions of ambrosia
 s - a potion of mutation {unknown}


   Skills:
 + Level 3.9 Fighting
 * Level 3.6 Maces & Flails
 + Level 3.5 Armour
 + Level 3.5 Shields


You had 4 spell levels left.
You didn't know any spells.
Your spell library contained the following spells:

 Spells                   Type           Power      Damage    Failure   Level
 Portal Projectile        Hex/Tloc       0%         N/A       100%        3
 Tukima's Dance           Hex            0%         N/A       100%        3
 Blade Hands              Tmut           0%         N/A       100%        5


Dungeon Overview and Level Annotations

Branches:
Dungeon (4/15)
 Temple: D:4-7

Altars:
Cheibriados
Makhleb


Innate Abilities, Weirdness & Mutations

You are partially covered in slimy green scales. (AC +2)
A weak demonic guardian rushes to your aid.
A meltable icy envelope protects you from harm. (AC +4)
A meltable shield of frost defends you. (SH +4)


Message History

You are too injured to fight recklessly!
You are too injured to fight recklessly!
You are too injured to fight recklessly!
You are too injured to fight recklessly!
You are too injured to fight recklessly!
You thump the orc!
You kill the orc!
You barely miss the endoplasm. The endoplasm freezes you.
You are frozen.
You hit the endoplasm but do no damage.
The endoplasm hits you but does no damage.
You block the endoplasm's attack.
The orc priest looks encouraged for a moment.
You hit the endoplasm.
The endoplasm is almost dead.
You block the endoplasm's attack.
The orc priest looks satisfied for a moment.
You sock the endoplasm!
You kill the endoplasm!
The orc priest looks braver for a moment.
The orc priest calls down the wrath of Beogh upon you.
You barely resist.
The orc priest hits you with a +0 trident.
You hit the orc priest but do no damage.
The orc priest hits you with a +0 trident.
* * * LOW HITPOINT WARNING * * *
You hit the orc priest.
The orc priest is lightly wounded.
The orc priest hits you but does no damage.
The orc priest hits you with a +0 trident.
* * * LOW HITPOINT WARNING * * *
A demonic guardian appears!
You closely miss the orc priest.
The orc priest is lightly wounded.
The orc priest hits you with a +0 trident.
* * * LOW HITPOINT WARNING * * *
You swap places.
The orc priest hits you from afar with a +0 trident!
You die...

.###.###########.# .....#######
#.# .###.......# #.#
.###.#####.#####.# ..##.#
#.......# ...#.#
######..######### .....#
#..o..)....## .....#
##5####.......# .....# #@#
#.......# ...#.###########.#
#.......### ..##.............#
#.........#
..###################.......#.#
.....>=.....##..............#.#
#.#########.................#.###
#.# ####.####.........#.... #.#
#.# #............<. #.#### #.#
#.........###.#


You could see an orc priest (ally target) and a friendly white imp (summoned).

Vanquished Creatures
  A black bear (D:4)
  An orc priest (D:4)
  A hound (D:4)
  An adder (D:3)
  6 orcs (D:4)
  7 endoplasms
  3 giant cockroaches
  4 goblins
  6 hobgoblins
  7 kobolds
  3 quokkas
  4 ball pythons
  2 bats
  A frilled lizard (D:2)
  3 rats
50 creatures vanquished.

Vanquished Creatures (collateral kills)
  An adder (D:2)
  A bat (D:2)
2 creatures vanquished.

Grand Total: 52 creatures vanquished

Notes
Turn   | Place    | Note
-------+----------+-------------------------------------------
     0 | D:1      | wormed the Demonspawn Fighter began the quest for the Orb.
     0 | D:1      | Reached XP level 1. HP: 18/18 MP: 1/1
   494 | D:1      | Gained mutation: A weak demonic guardian rushes to your
                  | aid. [demonic ancestry]
   494 | D:1      | Reached XP level 2. HP: 23/24 MP: 2/2
   622 | D:1      | Found a faded altar of an unknown god.
  1291 | D:2      | Gained mutation: A meltable shield of frost defends you.
                  | (SH +4) [demonic ancestry]
  1291 | D:2      | Reached XP level 3. HP: 26/29 MP: 3/3
  2077 | D:3      | Found a faded altar of an unknown god.
  2081 | D:3      | Found a burning altar of Makhleb.
  2532 | D:4      | Noticed a black bear
  2543 | D:4      | Killed a black bear
  2544 | D:4      | Gained mutation: A meltable icy envelope protects you from
                  | harm. (AC +4) [demonic ancestry]
  2544 | D:4      | Reached XP level 4. HP: 25/37 MP: 4/4
  2544 | D:4      | Gained mutation: You are partially covered in slimy green
                  | scales. (AC +2) [demonic ancestry]
  2544 | D:4      | Reached XP level 5. HP: 28/42 MP: 5/5
  2704 | D:4      | Found a snail-covered altar of Cheibriados.
  2898 | D:4      | Slain by an orc priest

Illustrated notes

Levels and vault maps discovered:
D:1:      spicycebolla_green_bress_n_ham_2, layout_loops_cross,
          basic_ecumenical_altar, patterned_corridor
D:2:      layout_basic
D:3:      layout_basic, nicolae_overflow_ecumenical_swirl
D:4:      layout_loops_ring, mainiacjoe_overflow_cross_hatched,
          minmay_statues_item

Skill      XL: |  1  2  3 |
---------------+----------+-----
Maces & Flails | 2 3 |  3.6
Shields        | 3 |  3.5
Armour         | 3 |  3.5
Fighting       | |  3.9

Action                   |  1- 3 |  4- 6 || total
-------------------------+-------+-------++-------
Melee: Flail             |   131 |    32 ||   163
  Use: Scroll            |     5 |       ||     5
       Potion            |     1 |       ||     1
Armor: Scale mail        |    64 |     4 ||    68
       Chain mail        |       |    11 ||    11
Dodge: Dodged            |    52 |     3 ||    55
Block: Buckler           |    51 |    12 ||    63
